Description

Reynors Macro game vs Bunny in GSL season 2 (2024 April) qualifier

VOD

https://youtu.be/TmnqZvNTDdg?si=2DvpKPoc5VBsflqN&t=1838

Replay - Set1 - Reynor vs Bunny Alcyone LE (26)

Build Order

Get SALT Encoding   

  12  0:00  Drone  
  13  0:12  Overlord  
  13  0:16  Drone  
  14  0:30  Drone x2  
  16  0:47  Hatchery  
  15  0:51  Drone x2  
  17  0:58  Drone  
  18  1:08  Extractor  
  17  1:12  Spawning Pool  
  17  1:16  Drone x2  
  18  1:27  Drone  
  21  1:59  Queen x2  
  21  2:00  Zergling x4  Send Drone to 3rd location
  27  2:16  Hatchery  
  27  2:18  Overlord  Reaper arrives soon 2:22
  28  2:38  Metabolic Boost  
  28  2:44  Queen  (@natural)
  31  2:48  Overlord  
  36  3:06  Queen  (@main)
  36  3:08  Overlord  
  43  3:26  Queen  (@natural)
  49  3:36  Overlord  
  52  3:45  Queen  (@main)
  54  3:48  Zergling x6  
  54  3:54  Queen  (@3rd)
  65  4:16  Queen  (@natural)
  68  4:22  Zergling x2  
  73  4:32  Roach Warren  
  75  4:40  Lair  
  75  4:43  Extractor  
  76  4:46  Zergling x4  
  79  5:03  Hatchery  
  81  5:12  Evolution Chamber  
  85  5:30  Extractor  
  85  5:32  Hatchery  
  82  5:38  Roach x3  
  82  5:39  Zerg Ground Armor Level 1, Overseer  
  82  5:40  Extractor  
  88  5:46  Glial Reconstitution  
  88  5:47  Extractor  
  91  5:50  Roach, Queen  
  90  5:58  Roach x2  
  90  5:59  Zergling x4  
  90  6:00  Queen  
  99  6:05  Roach  
  99  6:11  Roach x2  
  111  6:18  Roach  Terran push arrives at 4th location
  121  6:52  Extractor  
  124  6:58  Ravager x2  
  128  7:06  Ravager  
  145  7:19  Ravager  Overseer sent in terran main for scout!
  146  7:39  Spine Crawler x2  SCV pull all in from terran, Lings sent to middle of map to intercept reinforcements
  138  7:48  Ravager x2  Abandon 3rd base if needed
  130  8:28  Zerg Missile Weapons Level 1  
  128  8:34  Ravager x2  
  124  8:44  Hatchery  
  147  9:46  Ravager x2  
Spawning Tool Build Advisor. Get it on Overwolf

Analysis

quick macro opener from Reynor, Queen heavy defense vs Bio tank push with hellions + banshee

Go to:

Details

  • Created by: BaliMko
  • Published on: Apr 19, 2024
  • Modified on: Apr 19, 2024
  • Patch: 5.0.11
  • Difficulty: Hard
Show
View Real Time Build Order
Export as new Build Order

Comments (0)

There are no comments. Be the first!

Create an account to comment!